 Dungeon Crawl Stone Soup version 0.27-a0-1299-g1ab19c6527 (webtiles) character file.

Game seed: 12094416808953631080

44 drugrobin the Skirmisher (level 3, -1/31 HPs)
             Began as a Demigod Warper on June 16, 2021.
             Slain by a hobgoblin (3 damage)
             ... led by Robin
             ... on level 2 of the Dungeon.
             The game lasted 00:04:50 (1859 turns).

drugrobin the Skirmisher (Demigod Warper)           Turns: 1859, Time: 00:04:51

Health: -1/31      AC:  3    Str: 16    XL:     3   Next: 22%
Magic:  8/8        EV: 12    Int: 15    God:
Gold:   18         SH:  0    Dex: 13    Spells: 3/5 levels left

rFire    . . .     SeeInvis .   a - +0 spear
rCold    . . .     Faith    .   (no shield)
rNeg     . . .     Spirit   .   b - +0 leather armour
rPois    .         Reflect  .   (no helmet)
rElec    .         Harm     .   (no cloak)
rCorr    .         Rampage  .   (no gloves)
Will     .....                  (no boots)
Stlth    +.........             (no amulet)
HPRegen  0.10/turn              (no ring)
MPRegen  0.11/turn              (no ring)

@: mighty, brilliant, attractive, flying
A: high mp 1, forlorn
a: no special abilities


You were on level 2 of the Dungeon.
You visited 1 branch of the dungeon, and saw 2 of its levels.

You collected 18 gold pieces.

Inventory:

Hand Weapons
 a - a +0 spear (weapon)
Missiles
 d - 5 boomerangs of dispersal
 e - 23 sling bullets
 g - 62 stones (quivered)
Armour
 b - a +0 leather armour (worn)
Scrolls
 j - a scroll of teleportation {unknown}
Potions
 f - a potion of attraction


   Skills:
 * Level 3.0 Fighting
 - Level 1.7 Polearms
 - Level 0.8 Throwing
 - Level 0.8 Armour
 + Level 2.4 Dodging
 - Level 1.7 Spellcasting
 + Level 2.7 Translocations


You had 3 spell levels left.
You knew the following spells:

 Your Spells              Type           Power      Damage    Failure   Level
b - Blink                 Tloc           N/A        N/A       14%         2

Your spell library contained the following spells:

 Spells                   Type           Power      Damage    Failure   Level
 Gell's Gravitas          Tloc           7%         N/A       26%         3
 Lesser Beckoning         Tloc           7%         N/A       26%         3
 Teleport Other           Tloc           14%        N/A       26%         3
 Magic Dart               Conj           4%         1d3       28%         1
 Searing Ray              Conj           2%         3d3       38%         2
 Dazzling Flash           Conj/Hex       2%         N/A       63%         3
 Iskenderun's Mystic Bla  Conj/Tloc      8%         2d4       85%         4
 Manifold Assault         Tloc           14%        N/A       94%         5
 Fulminant Prism          Conj/Hex       0%         3d6       95%         4


Dungeon Overview and Level Annotations

Branches:
Dungeon (2/15)

Shops:
D:1 *([*

Annotations:
D:2 Natasha, Robin


Innate Abilities, Weirdness & Mutations

Your attributes grow dramatically as you level up.
You have an increased reservoir of magic. (+10% MP)
You shall have no god before yourself.


Message History

Press: ? - help, Dir - move target
As you read the scroll of blinking, it crumbles to dust.
A kobold comes into view. It is wielding a +0 dagger.
The shadow imp disappears in a puff of smoke!
Robin is pulled toward you! The hobgoblin is pulled toward you!
The goblin is pulled toward you! x4; The hobgoblin is pulled toward you!
Natasha is pulled toward you! The kobold is pulled toward you!
The goblin is pulled toward you! x2
Okay, then.
Blink to where?
Press: ? - help, Dir - move target
As you read the scroll of blinking, it crumbles to dust.
The kobold shouts!
The kobold is pulled toward you! Robin is pulled toward you!
The hobgoblin is pulled toward you!
Okay, then.
Reach: a) +0 spear
Press: ? - help, Dir - move target, f - kobold
Aim: a kobold, wielding a +0 dagger and quivering stones (about 47% to evade your +0 spear)
You reach to attack!
You barely miss the kobold. The hobgoblin is pulled toward you!
Robin is pulled toward you!
The goblin is pulled toward you! x2; The hobgoblin is pulled toward you!
You puncture the kobold!
You kill the kobold!
The hobgoblin no longer looks unusually strong.
Robin throws the goblin at you! The goblin barely misses you.
Robin is pulled toward you! The goblin is pulled toward you!
The hobgoblin is pulled toward you! The goblin is pulled toward you! x2
Natasha is pulled toward you!
Reach: a) +0 spear
Press: ? - help, Dir - move target, f - hobgoblin
Aim: a hobgoblin (about 40% to evade your +0 spear)
Okay, then.
You hit the hobgoblin.
The hobgoblin is almost dead.
Robin roars a battlecry!
The goblins go into a battle-frenzy!
Natasha mewls in sadness.
The hobgoblin hits you.
You die...

g................#............#
....#............#..........).#
###.#............#............#
#.#............#.†..........#
.[#.......gg...#............#
###.........gh.#.############
#.........g.g#.#.........#
#..........gg#.#<#######.#
######......@#.#########.#
#########.........#.#
#########.#.# #...# #####


You could see Robin (resistant), Natasha, 2 hobgoblins and 4 goblins.

Vanquished Creatures
  A worm (D:2)
  2 dart slugs (D:1)
  3 endoplasms (D:1)
  A giant cockroach (D:2)
  4 hobgoblins
  2 jackals (D:1)
  2 quokkas (D:1)
  2 ball pythons
  3 bats
  A frilled lizard (D:1)
  3 goblins
  7 kobolds
  3 rats (D:1)
34 creatures vanquished.

Notes
Turn   | Place    | Note
-------+----------+-------------------------------------------
     0 | D:1      | drugrobin the Demigod Warper began the quest for the Orb.
     0 | D:1      | Reached XP level 1. HP: 17/17 MP: 5/5
    12 | D:1      | Found Hafefoin's General Store.
    34 | D:1      | Reached skill level 2 in Fighting
   586 | D:1      | Found Tadoug's General Store.
   618 | D:1      | Reached XP level 2. HP: 25/25 MP: 7/7
   633 | D:1      | Learned a level 2 spell: Blink
  1039 | D:1      | Found Ytiraj's Armour Shop.
  1041 | D:1      | Found Koilolit's Antique Weapon Shoppe.
  1426 | D:1      | Reached XP level 3. HP: 26/30 MP: 8/8
  1747 | D:2      | Reached skill level 3 in Fighting
  1831 | D:2      | Noticed Natasha
  1832 | D:2      | Noticed Robin
  1852 | D:2      | HP: 1/31 [Natasha (4)]
  1859 | D:2      | Slain by a hobgoblin

Illustrated notes

Levels and vault maps discovered:
D:1:      psy_arrival_statuary, layout_basic, serial_shops, shop,
          nicolae_shop_stone, shop, shop_statue
D:2:      layout_basic, uniq_sigmund, uniq_robin, uniq_natasha

Skill      XL: |  1  2  3 |
---------------+----------+-----
Fighting       | 2 3 |  3.0
Dodging        | 2 |  2.4
Polearms       | |  1.7
Throwing       | |  0.8
Armour         | |  0.8
Spellcasting   | |  1.7
Translocations | |  2.7

Action                   || total
-------------------------++-------
Melee: Spear             ||   152
Throw: Stone             ||    11
  Use: Potion            ||     4
       Scroll            ||     2
Armor: Leather armour    ||    29
Dodge: Dodged            ||    94

Table legend: (Time is in decaauts)
 A = Elapsed time spent in this place.
 B = Non-inter-level travel time spent in this place.
 C = Inter-level travel time spent in this place.
 D = Time resting spent in this place.
 E = Time spent auto-exploring this place.
 F = Levels seen in this place.
 G = Mean time per level.
                   A        B        C        D        E       F      G
               +--------+--------+--------+--------+--------+-----+--------+
         Total |   1862 |   1836 |     26 |    488 |    999 |   2 |  931.0 |
       Dungeon |   1862 |   1836 |     26 |    488 |    999 |   2 |  931.0 |
               +--------+--------+--------+--------+--------+-----+--------+

Top non-repeatable levels by time:
     D:1: 1552 daAuts
     D:2: 310 daAuts
